← All builds
Suicide front / Cortex / Economy first / OBSERVED BUILD

Standard suicide front

Cortex Suicide front build order · Supreme Isthmus

Economy-first start from a Bot Lab that pushes Thugs, Aggravators and Grunts to hold the middle while the player techs up as usual.

#rush #eco · 494 distinct matches · 91 players · 72% of Cortex Suicide front games · team won 53% of 510 · Recently observed

HOW TO PLAY IT

Key timing: Bot Lab by 0:35

  1. Grab 3 mex while bot lab goes down almost immediately.
  2. Finish bot lab and start pushing Thugs to middle right away.
  3. Layer wind, guard turrets and sentries while holding the line.
  4. Expect first kill and first loss almost immediately as fighting starts early.
  5. Transition into advanced metal extractor once middle is stable.

Phase by phase

TYPICAL OF ITS 494 GAMES
  1. 1
  2. 2
  3. 3
PLAY THE OPENING

Follow the example game's first 6:00 step by step: what to build now, what comes next, and where it goes. At 1× it keeps pace with your own game.

  1. 1

    Up to the Bot Lab

    Economy
    • Metal Extractor2Mex
    Order
    1. Bot LabBot Lab after 2 mexdone ~0:37, middle half 0:27–0:45

    By 0:22 in all: 2 mex

    The example game in this phase · 3 steps
    1. Mex ×2
    2. Wind
    3. Bot LabBot Labdone 0:40 · typical 0:37
  2. 2

    Bot Lab to 5:00

    Economy
    • Metal Extractor4Mex
    • Wind Turbine3Wind
    Builders
    • Graverobber4 Graverobber
    • Construction Bot3 Con bot
    Army
    • Guard3 Guard
    • Thug15 Thug
    • Grunt3 Grunt
    Other
    • Radar Tower1 Radar Tower

    Some games also: aggravator (46%)

    By 5:00 in all: 5 mex · 3 wind

    The example game in this phase · 35 steps
    1. GraverobberGraverobber
    2. Mex
    3. GruntGrunt ×2
    4. GraverobberGraverobber
    5. GruntGrunt ×5
    6. Construction BotCon bot ×2
    7. ThugThug
    8. Mex
    9. ThugThug ×3
    10. Radar TowerRadar Tower
    11. ThugThug
    12. Mex
    13. GraverobberGraverobber
    14. ThugThug
    15. GuardGuard
    16. ThugThug ×3
    17. GuardGuard
    18. GraverobberGraverobber
    19. ThugThug
    20. GuardGuard
    21. GraverobberGraverobber
    22. ThugThug ×2
    23. GuardGuard
    24. ThugThug
    25. GuardGuard
    26. ThugThug ×2
    27. GuardGuard
    28. GraverobberGraverobber
    29. ThugThug
    30. GuardGuard
    31. ThugThug ×2
    32. Wind
    33. ThugThug
    34. Wind
    35. ThugThug
  3. 3

    5:00 to 10:00

    Economy
    • Metal Extractor1Mex
    • Wind Turbine14Wind
    Builders
    • Construction Turret2 Con turret
    • Graverobber3 Graverobber
    • Construction Bot1 Con bot
    Army
    • Guard1 Guard
    • Thug8 Thug
    • Grunt2 Grunt

    Some games also: energy storage (47%) · aggravator (45%) · Radar Tower (41%) · Twin Guard (31%) · eat Bot Lab (35%)

    By 10:00 in all: 6 mex · 18 wind · 1 energy storage · 2 con turret

    The example game in this phase · 81 steps
    1. Wind
    2. ThugThug ×3
    3. GraverobberGraverobber
    4. ThugThug
    5. GuardGuard
    6. ThugThug ×2
    7. GuardGuard
    8. ThugThug ×2
    9. GuardGuard
    10. ThugThug
    11. Wind
    12. GuardGuard
    13. Wind
    14. GraverobberGraverobber
    15. ThugThug
    16. Wind
    17. ThugThug ×2
    18. Wind
    19. ThugThug ×9
    20. GraverobberGraverobber
    21. ThugThug ×9
    22. GraverobberGraverobber ×2
    23. GruntGrunt ×2
    24. GraverobberGraverobber
    25. GruntGrunt ×4
    26. GuardGuard
    27. Advanced Metal ExtractorT2 mexdone 10:09 · typical 9:50
    28. ThugThug
    29. GruntGrunt
    30. GuardGuard
    31. ThugThug
    32. GuardGuard
    33. ThugThug
    34. GuardGuard ×2
    35. Wind
    36. GruntGrunt ×2
    37. Wind
    38. Advanced Metal ExtractorT2 mex
    39. GruntGrunt
    40. Wind
    41. GruntGrunt
    42. Wind
    43. Con turret
    44. GruntGrunt ×3
    45. GraverobberGraverobber
    46. Wind
    47. GruntGrunt
    48. Wind
    49. GruntGrunt
    50. Wind
    51. Advanced Metal ExtractorT2 mex
    52. GruntGrunt
    53. Con turret
    54. GruntGrunt ×2
    55. Wind
    56. GruntGrunt
    57. Wind
    58. GruntGrunt
    59. Wind
    60. GraverobberGraverobber
    61. Wind
    62. GruntGrunt
    63. Wind
    64. GruntGrunt
    65. Wind
    66. GruntGrunt
    67. Wind
    68. GruntGrunt
    69. Wind
    70. GruntGrunt ×3
    71. GraverobberGraverobber
    72. Advanced Metal ExtractorT2 mex
    73. RattlesnakeRattlesnakedone 13:32
    74. GruntGrunt ×7
    75. GraverobberGraverobber
    76. Advanced Metal ExtractorT2 mex
    77. GruntGrunt ×7
    78. GraverobberGraverobber
    79. GruntGrunt
    80. RattlesnakeRattlesnake
    81. Construction BotCon bot ×2

Counts are medians over the build's games: half of them build more, half fewer. The example game is Atlasfailed's (36 OS, 07/10/2026); pick another.

Team trades

IN AT LEAST 30% OF ITS GAMES

You hand over

Nothing regular.

You get

  • Tidal Generator4 Tidal from Pondfirst at 0:11 · in 69% of games
  • Advanced Construction Bot1 T2 con bot from Geo or Techfirst at 7:38 · in 57% of games

How it plays out

Typical game of this build, running totals by minute

Metal produced

010k20k
0:005:0010:0015:00

metal

Enemy metal destroyed

05k10k
0:005:0010:0015:00

metal

Own metal lost

05k10k15k
0:005:0010:0015:00

metal

510 games.

Show as table
ByMetal produced: This buildEnemy metal destroyed: This buildOwn metal lost: This build
1:0032700
2:0096500
3:002069200140
4:003167712642
5:00432816511430
6:00554925842412
7:00675036083473
8:00796845704492
9:00923953275480
10:001049060336293
11:001202366217138
12:001361270967946
13:001518477998729
14:001697885519413
15:0018684921410163
WHAT THE NUMBERS SAY

Standard suicide front wins slightly above average at 52%, with by far the heaviest early trading of any role.

  • + Fastest bot lab of any role at 0:35, matching its job of projecting force earliest.
  • − Highest own metal lost by far at 10162 by 15:00, reflecting constant frontline trading.
THE EXAMPLE YOU ARE READING

Atlasfailed

35.9 OS · 07/10/2026

Open source match ↗

42 received units · includes a constructor
149 metal received · 11192 energy received

Allied construction assistance is unknown. Timings are observations, not a promise of solo reproducibility.

Typical milestones

Bot Lab0:37Middle 50%: 0:27–0:45 · n=506
Advanced Metal Extractor9:50Middle 50%: 8:50–10:58 · n=330

Played most by

_X_64games of this build_Hawkey_54games of this buildXXMACGAMERXX43games of this buildImmort30games of this buildGuiTou25games of this build